Map: Ruines de Seras

Players

Worming - Winner!

  • Race: Zerg Zerg
  • League: Platinum

Aguerooo

  • Race: Zerg Zerg
  • League: Silver

VOD

Have the link to the VOD?

Description

Time

  • Played on: Nov. 11, 2015, 10:46 a.m.
  • Length: 17:09
Show
View Real Time Build Order
Export as new Build Order

Worming Zerg - Winner!

Build Orders: Hatch First 

Get SALT Encoding   

  12  0:01  Drone  
  13  0:08  Drone  
  14  0:19  Overlord  
  14  0:29  Extractor  
  14  0:30  Drone, Extractor  
  14  0:31  Drone  
  16  0:38  Drone  
  17  0:44  Drone  
  18  0:59  Hatchery  
  17  1:05  Extractor  
  16  1:14  Spawning Pool  
  16  1:17  Drone  
  16  1:22  Drone  
  16  1:24  Drone  
  18  1:48  Overlord  
  18  1:49  Drone  
  19  2:01  Queen  
  19  2:02  Zergling x2  
  22  2:10  Zergling x2  
  22  2:11  Queen  
  22  2:12  Zergling x2  
  26  2:16  Drone  
  27  2:25  Metabolic Boost  
  27  2:27  Drone  
  28  2:39  Baneling Nest  
  27  2:45  Drone x3  
  30  3:06  Drone x4  
  34  3:33  Evolution Chamber  
  33  3:34  Evolution Chamber  
  33  3:35  Drone x3, Extractor  
  33  3:36  Drone x2  
  35  3:49  Overlord x2  
  35  3:50  Overlord  
  35  4:00  Zerg Melee Weapons Level 1, Zerg Ground Armor Level 1  
  35  4:02  Overlord  
  35  4:07  Drone x5  
  35  4:08  Drone  
  41  4:25  Drone x7  
  41  4:28  Lair  
  48  4:40  Extractor  
  48  4:42  Extractor  
  48  4:45  Overlord x2  
  46  4:52  Spine Crawler  
  45  5:03  Hatchery  
  44  5:19  Zergling x2, Overlord  
  44  5:20  Zergling x14, Roach Warren  
  51  5:29  Drone x2  
  51  5:32  Drone x3  
  51  5:33  Drone  
  57  5:47  Baneling x3  
  57  5:58  Zergling x2  
  57  5:59  Zergling x10  
  60  6:24  Zergling x22  
  64  6:34  Spire  
  64  6:37  Drone x4  
  67  6:40  Spore Crawler  
  67  6:42  Spore Crawler, Queen  
  64  6:51  Spore Crawler  
  64  6:53  Baneling  
  64  6:54  Baneling, Zergling x4  
  61  6:55  Zergling x2  
  61  6:56  Queen  
  61  7:01  Spore Crawler  
  65  7:03  Spore Crawler  
  53  7:28  Drone x13  
  65  7:31  Extractor  
  65  7:32  Extractor  
  62  7:46  Zerg Flyer Armor Level 1, Mutalisk x4  
  62  7:47  Mutalisk  
  72  7:53  Mutalisk x3  
  78  8:07  Mutalisk x3  
  78  8:12  Overlord  
  84  8:15  Mutalisk  
  84  8:25  Mutalisk  
  84  8:26  Mutalisk  
  88  8:28  Overlord x2  
  88  8:46  Overlord  
  88  8:47  Mutalisk x8  
  104  8:51  Zergling x2  
  105  9:00  Zerg Melee Weapons Level 2  
  105  9:02  Overlord  
  105  9:04  Zerg Ground Armor Level 2  
  105  9:24  Hatchery  
  105  9:25  Zergling x14  
  104  9:44  Mutalisk x4  
  112  9:46  Zergling x8  
  112  9:47  Zergling x8  
  120  9:57  Zergling x2  
  121  10:20  Overlord x2  
  121  10:21  Overlord x2  
  121  10:23  Infestation Pit  
  118  10:28  Queen  
  116  10:36  Zergling x2  
  117  10:50  Zergling x12  
  117  10:51  Zergling x10  
  117  10:56  Drone x7  
  124  11:15  Hive  
  124  11:22  Zergling x2  
  125  11:31  Drone x5  
  125  11:32  Drone  
  131  11:34  Extractor x2  
  129  11:41  Mutalisk x4  
  129  11:42  Overlord  
  129  11:43  Overlord x2  
  137  11:47  Drone x4  
  141  12:00  Drone x10  
  147  12:07  Hatchery  
  138  12:15  Drone x3  
  140  12:16  Drone  
  142  12:32  Zerg Melee Weapons Level 3  
  142  12:33  Zerg Ground Armor Level 3  
  142  12:36  Ultralisk Cavern, Adrenal Glands  
  141  12:38  Baneling x2  
  141  12:39  Zergling x2  
  141  12:40  Zergling x2  
  143  12:58  Drone x5  
  148  13:07  Overlord x2  
  148  13:26  Zerg Flyer Armor Level 2  
  140  13:38  Spore Crawler  
  140  13:41  Chitinous Plating  
  139  13:44  Ultralisk  
  139  13:45  Ultralisk x5  
  175  13:54  Overseer  
  175  14:06  Ultralisk x3  
  193  14:15  Drone x3  
  196  14:17  Extractor  
  196  14:19  Drone x3  
  196  14:20  Drone  
  199  14:26  Baneling x3  
  199  14:27  Baneling x2  
  199  14:48  Zergling x2  
  200  14:54  Hatchery, Spine Crawler  
  198  15:06  Zergling x4  
  186  15:41  Mutalisk x8  
  188  15:52  Viper x3  
  188  15:55  Zergling x14  
  188  15:56  Zergling x6  
  177  16:06  Spore Crawler  
  177  16:07  Spore Crawler  
  177  16:09  Spore Crawler x2  
  144  16:50  Spore Crawler  
  144  16:51  Spore Crawler  
  144  16:52  Spore Crawler x2  
  144  16:53  Spore Crawler  
Show
View Real Time Build Order
Export as new Build Order

Aguerooo Zerg 

Build Orders: Hatch First 

Get SALT Encoding   

  12  0:02  Drone  
  13  0:15  Overlord  
  13  0:20  Drone  
  14  0:35  Drone x2  
  16  0:42  Drone  
  17  0:59  Hatchery  
  16  1:04  Drone  
  16  1:05  Drone  
  18  1:22  Spawning Pool  
  18  1:24  Extractor  
  16  1:43  Drone x2  
  18  1:53  Drone  
  19  1:55  Overlord  
  19  2:08  Drone  
  19  2:10  Queen  
  19  2:11  Queen  
  19  2:15  Drone  
  25  2:18  Drone  
  25  2:22  Zergling x2  
  27  2:27  Drone  
  28  2:31  Metabolic Boost  
  28  2:36  Zergling x2  
  29  2:46  Drone  
  30  2:55  Queen  
  32  3:01  Baneling Nest  
  32  3:02  Overlord  
  32  3:03  Drone x2  
  33  3:33  Lair  
  33  3:35  Drone  
  33  3:36  Drone x2, Extractor  
  35  3:42  Drone x2  
  35  3:43  Drone x5  
  35  3:45  Extractor  
  35  3:47  Extractor  
  35  3:48  Baneling x2  
  40  3:55  Drone x2  
  42  3:58  Overlord  
  42  4:00  Drone  
  42  4:32  Spine Crawler  
  41  4:41  Drone  
  41  4:42  Drone  
  41  4:45  Drone x6  
  48  4:46  Drone  
  49  5:06  Zergling x6  
  52  5:19  Spire  
  52  5:21  Zergling x2  
  52  5:22  Overlord x2  
  52  5:23  Overlord x2  
  52  6:01  Hatchery  
  50  6:05  Baneling x2  
  50  6:09  Zergling x28  
  50  6:10  Zergling x6  
  57  6:31  Mutalisk  
  57  6:32  Mutalisk x3  
  63  6:42  Drone x2  
  63  6:43  Drone x2  
  66  6:54  Mutalisk  
  66  6:55  Mutalisk  
  66  6:57  Baneling x2  
  66  6:58  Baneling  
  66  7:00  Mutalisk  
  60  7:21  Zergling x6  
  59  7:26  Zergling x4  
  58  7:54  Mutalisk x4  
  58  7:55  Mutalisk  
  67  8:22  Hatchery  
  66  8:27  Mutalisk x3  
  72  8:36  Mutalisk  
  74  9:00  Mutalisk  
  76  9:09  Spore Crawler  
  75  9:12  Spore Crawler  
  75  9:13  Overlord x3  
  75  9:14  Overlord x3  
  74  9:19  Zerg Flyer Armor Level 1  
  67  9:58  Mutalisk x6  
  79  10:21  Mutalisk x2  
  79  10:47  Mutalisk x3  
  85  10:50  Zergling x2  
  85  10:51  Zergling x14  
  81  11:05  Hatchery  
  74  11:11  Mutalisk  
  74  11:12  Mutalisk x2  
  74  11:13  Zerg Flyer Weapons Level 1  
  80  11:20  Zergling x2  
  81  11:27  Mutalisk  
  81  11:32  Mutalisk  
  83  11:35  Zergling x2  
  83  11:36  Zergling x6  
  89  11:44  Mutalisk  
  90  11:54  Zergling x4  
  90  11:55  Mutalisk  
  90  12:01  Zergling x10  
  91  12:19  Mutalisk x3  
  97  12:22  Baneling  
  97  12:23  Baneling  
  97  12:25  Baneling  
  97  12:26  Baneling  
  97  12:30  Drone x4  
  97  12:31  Drone  
  102  12:37  Mutalisk  
  104  12:45  Hatchery  
  104  12:48  Mutalisk  
  105  12:53  Corruptor  
  107  13:14  Spore Crawler  
  96  13:29  Mutalisk x3  
  96  13:30  Corruptor  
  96  13:33  Spore Crawler  
  103  13:35  Zergling x6  
  103  13:36  Zergling x10  
  111  13:54  Zerg Flyer Weapons Level 2  
  110  13:56  Mutalisk  
  107  14:05  Baneling x3  
  107  14:06  Baneling  
  107  14:22  Drone x3  
  107  14:23  Mutalisk  
  112  14:27  Mutalisk  
  114  14:45  Mutalisk  
  114  14:48  Extractor x2  
  110  15:04  Mutalisk x2  
  112  15:17  Mutalisk  
  112  15:19  Overlord x2  
  105  15:48  Mutalisk  
  105  15:49  Mutalisk  
  103  16:08  Mutalisk x2  
  103  16:10  Overlord  
  99  16:42  Mutalisk x2  
Tags
 
Add a new tag
Caveats
  • Supply blocks, unpowered buildings, or Contaminate may cause inaccurate times.
  • Supply counts are checked every 10 seconds.